 BcadrenCrawl: Boulder Brew version 0.05.21-81-gd28e3044bd (webtiles) character file.

Game seed: 9004757542202555807, levelgen mode: deterministic

1082 theanonym the Chopper (level 8, 0/100 HPs) Minotaur Noble. Began on Sept 5, 2021. Was an Initiate of Gozag Ym Sagoz. Slain by a sun demon (7 damage) ... summoned by a shadow demon ... created by the darkness of Dithmenos ... on level 3 of the Dungeon. The game lasted 00:08:35 (4287 turns).

theanonym the Chopper (Minotaur Noble)              Turns: 4287, Time: 00:08:36

Health: 0/100      AC: 16    Str: 27    XL:     8 ^: 1252
Magic:  0/11       EV:  8    Int:  7    God:    Gozag Ym Sagoz
Gold:   229        SH:  0    Dex:  9    Spells: 12/12 levels left

rFire    + . .     Vision   .   c - +0 broad axe (molten)
rCold    + . .     Gourm    .   s - +0 war axe
rNeg     . . .     Faith    .   b - +0 gold dragon scales
rCorr    + . .     Spirit   +   (helmet restricted)
rPois    +         Reflect  .   p - +0 cloak
rElec    .         Harm     .   (no gloves)
MR       .....                  a - +0 pair of boots
Stlth    ..........             d - amulet of guardian spirit
HPRegen  0.43/turn              r - ring of resist corrosion
MPRegen  0.21/turn              (no ring)

@: berserking, very quick
A: horns, retaliatory headbutt 2
a: Potion Petition, Call Merchant, Bribe Branch, Renounce Religion


Innate Abilities, Weirdness & Mutations

You reflexively attack those that strike you in melee with your horns.


   Skills:
 + Level 4.6 Fighting
 * Level 6.4 Axes & Hammers
 + Level 4.3 Armour
 + Level 3.4 Stealth
 + Level 2.6 Spellcasting


You had 12 spell levels left.
You didn't know any spells.
Your spell library contained the following spells:

 Spells                   Type           Power        Failure   Level  Hunger
 Confusing Touch Hex 0 (50) 95% 1 22-42 Flame Tongue Fire 0 (30) 95% 1 22-42 Magic Candle Hex/Fire 0 (90) 95% 1 22-42 Summon Small Mammal Summ           0 (25)       95%         1    22-42

Skill      XL: |  1  2  3  4  5  6  7 |
---------------+----------------------+-----
Stealth        | 1 2 3 |  3.4
Axes & Hammers | 1 2 3 4 6 |  6.4
Fighting       | 2 3 4 |  4.6
Armour         | 1 2 3 4 |  4.3
Spellcasting   | 2 |  2.6

Action                   |  1- 3 |  4- 6 |  7- 9 || total
-------------------------+-------+-------+-------++-------
Melee: Broad axe         |    80 |   209 |   157 ||   446
       Unarmed           |    46 |   128 |   124 ||   298
       Headbutt          |     2 |    11 |    14 ||    27
       Hatchet           |    18 |    56 |       ||    74
       War axe           |       |       |     6 ||     6
  Use: Scroll            |       |     2 |     1 ||     3
       Potion            |       |       |     1 ||     1
  Eat: Chunk             |       |     7 |     6 ||    13
Armor: Gold dragon scale |    93 |   198 |   159 ||   450
Dodge: Dodged            |    33 |    70 |    92 ||   195

Inventory:

Weapons
 c - a +0 broad axe of molten steel (weapon)
 s - a +0 war axe (weapon)
Armour
 a - a +0 pair of boots (worn)
 b - +0 gold dragon scales (worn)
 p - a +0 cloak (worn)
Jewellery
 d - an amulet of guardian spirit (around neck)
 l - a cursed ring of positive energy {(Curse: *Corrode), rN+}
 r - a ring of resist corrosion (left hand)
Scrolls
 o - a scroll of enchantment
 y - 2 scrolls of magic mapping
Potions
 f - a potion of cancellation
 g - a potion of magic
 h - a potion of haste
 i - 3 potions of lignification
 j - a potion of cure mutation
 k - 3 potions of mutation
 m - a potion of resistance {rF+ rC+}
 q - a potion of ambrosia
 w - 3 potions of curing
Comestibles
 e - 16 rations


You were on level 3 of the Dungeon.
You worshipped Gozag Ym Sagoz.
Gozag Ym Sagoz was aware of your devotion.
You were hungry.

You visited 1 branch of the dungeon, and saw 3 of its levels.
You also visited: Market.

You collected 271 gold pieces.
You spent 960 gold pieces at shops.
You paid 82 gold pieces to Gozag.

Dungeon Overview and Level Annotations

Branches:
Dungeon (3/8)

Altars:
Cheibriados
Dithmenos
Gozag Ym Sagoz
Uskayaw

Annotations:
D:3 1 runed translucent door, Crazy Yiuf

####### #.....#
##.....# ####
#......# ##...
##..P..# ##....
##+ #......#
#.....
#...##3...[###
#.....
#..K.'WW.....#
##.....
#....'@3)]...#
#......
#...##%......#
#.##### ##
#........# #.#
#
##.P.....####o#
#........##..r#
##.....o$#....#
##.#.......#..#
#.........#.##
###.###..#..#


You could see a sun demon, a smoke demon, a big kobold, 2 shadows and an orc
wizard.

Notes
Turn   | Place    | Note
-------+----------+-------------------------------------------
     0 | Start Ma | theanonym the Minotaur Noble began the quest for the Orb.
     0 | Start Ma | Reached XP level 1. HP: 16/16 MP: 1/1
     0 | Start Ma | Found Koxofeaj's Mashing MeleeMart.
     0 | Start Ma | Found Siwafom's Auxillary Armour.
    16 | Start Ma | Found Ibunt's Expert Tomes.
    45 | Start Ma | Bought +0 gold dragon scales for 800 gold pieces
    54 | Start Ma | Bought a +0 broad axe for 160 gold pieces
    73 | D:1      | theanonym set off with the following items: +0 gold dragon
                  | scales, a +0 broad axe, a ration
   150 | D:1      | Reached skill level 1 in Stealth
   150 | D:1      | Reached skill level 1 in Axes & Hammers
   168 | D:1      | Reached XP level 2. HP: 23/23 MP: 2/2
   407 | D:1      | Reached XP level 3. HP: 29/29 MP: 3/3
   433 | D:1      | Reached skill level 2 in Fighting
   433 | D:1      | Reached skill level 2 in Axes & Hammers
   433 | D:1      | Reached skill level 1 in Armour
   574 | D:1      | HP: 14/29 [goblin/+0 club (5)]
   755 | D:1      | Reached XP level 4. HP: 36/36 MP: 3/5
  1463 | D:2      | Reached skill level 3 in Axes & Hammers
  1463 | D:2      | Reached skill level 2 in Armour
  1463 | D:2      | Reached XP level 5. HP: 28/42 MP: 1/6
  1537 | D:2      | Found a hide-covered altar of Uskayaw.
  1622 | D:2      | Noticed Blork the orc
  1627 | D:2      | HP: 21/42 [Blork the orc/cursed +2 hatchet of electrocution
                  | {(Curse: Fragile MR-)} (3)]
  1628 | D:2      | HP: 5/42 [Blork the orc/cursed +2 hatchet of electrocution
                  | {(Curse: Fragile MR-)} (6)]
  1636 | D:2      | HP: 5/42 [poisoned by Blork the orc (sting)]
  1825 | D:2      | HP: 18/42 [sewer rat (5)]
  1833 | D:2      | Reached skill level 2 in Stealth
  1922 | D:2      | HP: 16/42 [something (6)]
  1923 | D:2      | Killed Blork the orc
  1923 | D:2      | Reached skill level 3 in Fighting
  2097 | D:2      | Reached XP level 6. HP: 35/51 MP: 4/7
  2113 | D:1      | Reached skill level 4 in Axes & Hammers
  2244 | D:2      | Reached skill level 2 in Spellcasting
  2298 | D:2      | Reached skill level 3 in Armour
  2338 | D:2      | HP: 24/51 [big kobold/+0 short sword (5)]
  2462 | D:2      | Found a faded altar of an unknown god.
  2545 | D:2      | Reached XP level 7. HP: 38/57 MP: 7/9
  2595 | D:2      | Became a worshipper of Dithmenos the Shadowed
  2595 | D:2      | Reached * piety under Dithmenos
  2772 | D:2      | Reached skill level 5 in Axes & Hammers
  3061 | D:2      | Reached skill level 4 in Fighting
  3061 | D:2      | Reached skill level 3 in Stealth
  3165 | D:2      | Found an opulent altar of Gozag.
  3204 | D:2      | Reached ** piety under Dithmenos
  3675 | D:3      | Found a snail-covered altar of Cheibriados.
  3702 | D:3      | Reached skill level 6 in Axes & Hammers
  3702 | D:3      | Reached skill level 4 in Armour
  3751 | D:3      | HP: 29/60 [harpy skeleton (6)]
  3752 | D:3      | HP: 7/60 [harpy skeleton (8)]
  3937 | D:2      | Fell from the grace of Dithmenos
  3937 | D:2      | Became a worshipper of Gozag Ym Sagoz the Greedy
  4008 | D:3      | Found a runed translucent door.
  4011 | D:3      | Noticed Crazy Yiuf
  4090 | D:3      | Reached XP level 8. HP: 48/67 MP: 7/11
  4285 | D:3      | HP: 14/67 [something (27)]
  4286 | D:3      | Noticed a sun demon
  4286 | D:3      | Noticed a smoke demon
  4287 | D:3      | Slain by a sun demon

Vanquished Creatures
  A scorpion (D:3)
  2 big kobolds (D:2)
  Blork the orc (D:2)
  A bullfrog (D:2)
  A harpy skeleton (D:3)
  2 jellies (D:2)
  An orc wizard (D:3)
  An iguana (D:3)
  A worker ant (D:3)
  A wyvern skeleton (D:3)
  4 giant cockroaches
  2 adders (D:2)
  31 sewer rats
  3 worms
  6 cinder newts
  3 oozes
  2 dart slugs (D:1)
  4 leopard geckos
  An orc (D:3)
  2 ball pythons (D:2)
  10 bats
  6 goblins (D:1)
  7 hobgoblins (D:1)
  A goblin skeleton (D:2)
  A hobgoblin skeleton (D:2)
  A jackal skeleton (D:3)
  15 kobolds
  4 rats (D:1)
  A plant (D:1)
  A shadow (D:3)
  4 withered plants (D:2)
121 creatures vanquished.

Vanquished Creatures (others)
  A giant cockroach (D:2)
  2 sewer rats (D:2)
  A bat (D:2)
  A ball python (D:2)
  A giant blowfly (D:2)
  2 slimeheads (D:2)
  127 withered plants (D:2)
135 creatures vanquished.

Grand Total: 256 creatures vanquished

Table legend:
 A = Turns spent in this place as a percentage of turns spent in the entire game.
 B = Non-inter-level travel turns spent in this place as a percentage of non-inter-level travel turns spent in the entire game.
 C = Inter-level travel turns spent in this place as a percentage of turns spent in this place.
 D = Turns resting spent in this place as a percentage of non-inter-level travel turns spent in this place.
 E = Turns spent auto-exploring this place as a percentage of non-inter-level travel turns spent in this place.
 F = Non-inter-level travel turns spent in this place divided by the number of levels of this place that you've seen.
                   A       B       C       D       E      F
               +-------+-------+-------+-------+-------+----------------------
         Total | 100.0 | 100.0 |   4.5 |  23.3 |  54.9 | 1024.0
       Dungeon |  98.3 |  98.2 |   4.5 |  23.7 |  55.0 | 1341.0
        Market |   1.7 |   1.8 |   0.0 |   0.0 |  47.9 |  73.0
               +-------+-------+-------+-------+-------+----------------------
